[Event "Titled Tuesday Blitz March 15 Early 2022"]
[White "Fernandez, Daniel Howard"]
[Black "Baches Garcia, Guillermo"]
[WhiteFideId "5801605"]
[BlackFideId "2209764"]
[WhiteElo "2466"]
[BlackElo "2427"]
[Result "1-0"]
[Round "01"]
[TimeControl "180+1"]
[Date "2022.03.15"]
[WhiteClock "0:01:09"]
[BlackClock "0:00:19"]

1. e4 c5 2. Nf3 d6 3. d4 cxd4 4. Nxd4 Nf6 5. Nc3 Nc6 6. Bg5 e6 7. f4 Be7 8. Nxc6 bxc6 9. Qf3 h6 10. Bh4 d5 11. O-O-O O-O 12. g4 Nxe4 13. Bxe7 Qxe7 14. Nxe4 dxe4 15. Qxe4 Rb8 16. Bd3 f5 17. gxf5 Qb4 18. Qe5 exf5 19. Rhg1 Rb7 20. Rg6 Re7 21. Qd6 Qxd6 22. Rxd6 Bb7 23. Bc4+ Kh7 24. Rd7 Rfe8 25. Bf7 Rxd7 26. Rxd7 Rb8 27. h4 c5 28. h5 Kh8 29. Bg6 a5 30. Bxf5 a4 31. Rc7 a3 32. bxa3 Bf3 33. Bg6 1-0


[Site "https://www.chess.com"]

[Event "Titled Tuesday Blitz March 15 Early 2022"]
[White "Fernandez Guillen, Ernesto J."]
[Black "Sarkar, Justin"]
[WhiteFideId "3512428"]
[BlackFideId "2010011"]
[WhiteElo "2380"]
[BlackElo "2038"]
[Result "1-0"]
[Round "01"]
[TimeControl "180+1"]
[Date "2022.03.15"]
[WhiteClock "0:00:30"]
[BlackClock "0:00:03"]

1. e4 e5 2. Nf3 Nc6 3. d4 exd4 4. Bc4 Nf6 5. O-O Nxe4 6. Re1 d5 7. Bxd5 Qxd5 8. Nc3 Qa5 9. Nxe4 Be7 10. Bg5 f6 11. Nxf6+ gxf6 12. Bxf6 Rf8 13. Bxe7 Nxe7 14. Qxd4 Qb6 15. Qg7 Qf6 16. Qxh7 Bf5 17. Qh5+ Rf7 18. Ne5 Bg6 19. Nxg6 Qxf2+ 20. Kh1 1-0


[Site "https://www.chess.com"]

[Event "Titled Tuesday Blitz March 15 Early 2022"]
[White "Fier, Alexandr"]
[Black "Koellner, Ruben Gideon"]
[WhiteFideId "2107139"]
[BlackFideId "12993093"]
[WhiteElo "2571"]
[BlackElo "2425"]
[Result "1-0"]
[Round "01"]
[TimeControl "180+1"]
[Date "2022.03.15"]
[WhiteClock "0:01:24"]
[BlackClock "0:00:02"]

1. d4 d6 2. Nf3 Nf6 3. g3 g6 4. b3 Bg7 5. Bb2 O-O 6. Bg2 Nbd7 7. O-O Re8 8. c4 c6 9. Nc3 Qc7 10. e4 e5 11. Re1 a5 12. Qc2 h6 13. Rad1 Kh7 14. Na4 b6 15. d5 c5 16. Nc3 Nf8 17. Rf1 Bd7 18. Ne1 Ng8 19. Nd3 f5 20. f4 exf4 21. Nxf4 Nf6 22. Rde1 Ng4 23. exf5 Bxf5 24. Ne4 Ne5 25. h3 Rad8 26. g4 Bc8 27. g5 Bf5 28. gxh6 Bxh6 29. Qc3 Qg7 30. Ng3 Nfd7 31. Nxf5 gxf5 32. Ne6 Qg6 33. Qc2 Rg8 34. Nxd8 Rxd8 35. Qxf5 Qxf5 36. Rxf5 Rg8 37. Kh1 Rg3 38. Be4 Kh8 39. Kh2 Rg8 40. Rg1 Re8 41. Rg6 Kh7 42. Re6 Rg8 43. Rf7+ Kh8 44. Rxh6# 1-0


[Site "https://www.chess.com"]

[Event "Titled Tuesday Blitz March 15 Early 2022"]
[White "Fiorito, Fabian"]
[Black "Demchenko, Anton"]
[WhiteFideId "100200"]
[BlackFideId "4160258"]
[WhiteElo "2395"]
[BlackElo "2539"]
[Result "0-1"]
[Round "01"]
[TimeControl "180+1"]
[Date "2022.03.15"]
[WhiteClock "0:01:31"]
[BlackClock "0:01:40"]

1. d4 Nf6 2. Nc3 d6 3. e4 g6 4. Be3 c6 5. Qd2 Nbd7 6. f3 b5 7. O-O-O Nb6 8. g4 h5 9. g5 Nfd7 10. f4 Bg7 11. Nf3 b4 12. Nb1 d5 13. Qxb4 dxe4 14. Ne5 Nd5 15. Qc4 Bxe5 16. dxe5 Nxe3 17. Qxe4 Nxd1 0-1


[Site "https://www.chess.com"]

[Event "Titled Tuesday Blitz March 15 Early 2022"]
[White "Foisor, Sabina-Francesca"]
[Black "Aravindh, Chithambaram VR."]
[WhiteFideId "1212915"]
[BlackFideId "5072786"]
[WhiteElo "2243"]
[BlackElo "2561"]
[Result "0-1"]
[Round "01"]
[TimeControl "180+1"]
[Date "2022.03.15"]
[WhiteClock "0:00:02"]
[BlackClock "0:00:48"]

1. d4 g6 2. c4 Bg7 3. Nf3 c5 4. d5 d6 5. g3 Nf6 6. Bg2 O-O 7. O-O e6 8. Nc3 exd5 9. cxd5 a6 10. a4 Re8 11. Nd2 Nbd7 12. h3 Rb8 13. a5 b5 14. axb6 Nxb6 15. e4 Nfd7 16. Qc2 c4 17. Nf3 Nc5 18. Bg5 Qc7 19. Rad1 Bd7 20. Nd4 Nba4 21. Bc1 Nxc3 22. bxc3 Nd3 23. Kh2 Qc5 24. f4 Bxd4 25. cxd4 Qxd4 26. Qd2 f5 27. Qe3 Qxe3 28. Bxe3 fxe4 29. g4 c3 30. Bxe4 Rxe4 31. Rxd3 Bb5 32. Rb1 c2 0-1


[Site "https://www.chess.com"]

[Event "Titled Tuesday Blitz March 15 Early 2022"]
[White "Gareyev, Timur"]
[Black "Brunner, Nicolas"]
[WhiteFideId "14200937"]
[BlackFideId "620246"]
[WhiteElo "2582"]
[BlackElo "2372"]
[Result "1-0"]
[Round "01"]
[TimeControl "180+1"]
[Date "2022.03.15"]
[WhiteClock "0:00:17"]
[BlackClock "0:00:03"]

1. c4 c5 2. g3 g6 3. Bg2 Bg7 4. Nc3 Nc6 5. Nf3 e5 6. a3 d6 7. O-O Nge7 8. b4 e4 9. Ng5 f5 10. Bb2 O-O 11. d3 h6 12. Nh3 exd3 13. exd3 g5 14. f4 g4 15. Nf2 Rb8 16. Re1 Re8 17. Rb1 b6 18. Nd5 Nd4 19. Bxd4 Bxd4 20. Qe2 Kf7 21. Kf1 Ng6 22. Qxe8+ Qxe8 23. Rxe8 Kxe8 24. Nc7+ Kd7 25. Nb5 Bxf2 26. Kxf2 a6 27. Nc3 Bb7 28. Bxb7 Rxb7 29. a4 Ne7 30. bxc5 dxc5 31. h3 h5 32. hxg4 hxg4 33. Rh1 Ke6 34. Rh6+ Kf7 35. Ke3 Rb8 36. Rd6 Rb7 37. Kd2 Rb8 38. Rh6 Rb7 39. Nd5 1-0


[Site "https://www.chess.com"]

[Event "Titled Tuesday Blitz March 15 Early 2022"]
[White "Golubev, Mikhail"]
[Black "Butti, Enrique"]
[WhiteFideId "14100983"]
[BlackFideId "3700470"]
[WhiteElo "2374"]
[BlackElo "2080"]
[Result "1-0"]
[Round "01"]
[TimeControl "180+1"]
[Date "2022.03.15"]
[WhiteClock "0:00:04"]
[BlackClock "0:00:33"]

1. e4 e5 2. Nf3 Nc6 3. Bb5 a6 4. Ba4 Nf6 5. O-O Be7 6. Re1 b5 7. Bb3 d6 8. a4 Bb7 9. d3 O-O 10. Nc3 Na5 11. Ba2 b4 12. Nd5 Nxd5 13. Bxd5 c6 14. Ba2 c5 15. c3 bxc3 16. bxc3 Kh8 17. Rb1 f5 18. Bd5 Bxd5 19. exd5 Rb8 20. Rxb8 Qxb8 21. Bg5 Bxg5 22. Nxg5 Qb2 23. c4 h6 24. Ne6 Rf6 25. Qh5 Qb8 26. h3 Kh7 27. g4 fxg4 28. hxg4 Qc8 29. g5 Rxe6 30. dxe6 Qxe6 31. Re3 Nb3 32. Rg3 Nd4 33. gxh6 Qxh6 34. Qxh6+ gxh6 35. Kg2 Ne2 36. Re3 Nd4 37. Re1 Kg6 38. Rb1 h5 39. Rb6 Kf5 40. Rxa6 e4 41. dxe4+ Kxe4 42. Rxd6 Kd3 43. Rh6 Kxc4 44. Rxh5 Kd3 45. a5 c4 46. a6 c3 47. a7 c2 48. Rc5 Nb5 49. Rxc2 Kxc2 50. a8=Q Nc3 51. Qb8 Kd3 52. Qc7 1-0


[Site "https://www.chess.com"]

[Event "Titled Tuesday Blitz March 15 Early 2022"]
[White "Goriatchkin, Jouri"]
[Black "Jacobson, Aaron"]
[WhiteFideId "4120183"]
[BlackFideId "2089912"]
[WhiteElo "966"]
[BlackElo "2265"]
[Result "0-1"]
[Round "01"]
[TimeControl "180+1"]
[Date "2022.03.15"]
[WhiteClock "0:00:52"]
[BlackClock "0:02:04"]

1. d4 d5 2. c4 c5 3. e3 cxd4 4. exd4 Nf6 5. Nf3 g6 6. Nc3 Bg7 7. h3 O-O 8. Be3 Nc6 9. c5 b6 10. cxb6 Qxb6 11. Rb1 Rd8 12. Qc2 Bf5 13. Bd3 Nb4 0-1


[Site "https://www.chess.com"]

[Event "Titled Tuesday Blitz March 15 Early 2022"]
[White "Goryachkina, Aleksandra"]
[Black "Samaganova, Aleksandra"]
[WhiteFideId "4147103"]
[BlackFideId "13800221"]
[WhiteElo "2426"]
[BlackElo "1859"]
[Result "1-0"]
[Round "01"]
[TimeControl "180+1"]
[Date "2022.03.15"]
[WhiteClock "0:00:22"]
[BlackClock "0:00:02"]

1. e4 c5 2. Nf3 e6 3. c3 Nf6 4. e5 Nd5 5. Bc4 d6 6. d4 cxd4 7. cxd4 Nc6 8. O-O Be7 9. Bd2 O-O 10. Nc3 Nxc3 11. Bxc3 b6 12. Qe2 Bb7 13. Rad1 d5 14. Bd3 Bb4 15. h4 h6 16. Bb1 Bxc3 17. bxc3 a5 18. Qc2 g6 19. h5 Ne7 20. Nh2 Kg7 21. Ng4 Rc8 22. Qd2 Ng8 23. f4 Qh4 24. Ne3 Qxh5 25. Rf3 Qh4 26. f5 exf5 27. Bxf5 Rc7 28. Rdf1 Ba6 29. R1f2 Bc4 30. Bxg6 fxg6 31. Rxf8 Qg5 32. e6 Re7 33. R8f7+ Rxf7 34. Rxf7+ Kh8 35. Qf2 Bd3 36. Qf4 Qh5 37. Qe5+ Qxe5 38. dxe5 g5 39. e7 Bg6 40. e8=Q Bxf7 41. Qxf7 1-0


[Site "https://www.chess.com"]

[Event "Titled Tuesday Blitz March 15 Early 2022"]
[White "Gubanov, Oleg"]
[Black "Hammer, Jon Ludvig"]
[WhiteFideId "14115115"]
[BlackFideId "1503707"]
[WhiteElo "2080"]
[BlackElo "2607"]
[Result "0-1"]
[Round "01"]
[TimeControl "180+1"]
[Date "2022.03.15"]
[WhiteClock "0:00:02"]
[BlackClock "0:00:23"]

1. e4 e5 2. Nf3 Nf6 3. Nxe5 d6 4. Nf3 Nxe4 5. Bd3 Nf6 6. O-O Be7 7. Re1 O-O 8. Bf1 b6 9. d4 Bb7 10. Bf4 Re8 11. Nbd2 Nh5 12. Be3 Nd7 13. c3 a6 14. a4 Ndf6 15. Bc4 Bd5 16. Bd3 Ng4 17. Bg5 h6 18. Bxe7 Rxe7 19. Rxe7 Qxe7 20. Qf1 a5 21. Re1 Qd7 22. Bb5 Bc6 23. Bc4 Bxa4 24. Qe2 Ngf6 25. Qd3 Nf4 26. Qb1 Bc6 27. Qa2 Re8 28. Re3 Kf8 29. g3 N4d5 30. Rxe8+ Qxe8 31. Qb1 b5 32. Bd3 Qe6 33. Qf1 Qd7 34. c4 bxc4 35. Nxc4 Nf4 36. Qd1 Qg4 0-1


[Site "https://www.chess.com"]

[Event "Titled Tuesday Blitz March 15 Early 2022"]
[White "Guseva, Marina"]
[Black "Samadov, Read"]
[WhiteFideId "4149351"]
[BlackFideId "13417444"]
[WhiteElo "2160"]
[BlackElo "2084"]
[Result "1-0"]
[Round "01"]
[TimeControl "180+1"]
[Date "2022.03.15"]
[WhiteClock "0:00:22"]
[BlackClock "0:00:08"]

1. d4 Nf6 2. Nf3 d5 3. Bf4 c5 4. e3 Nc6 5. Nbd2 e6 6. c3 Bd6 7. Bg3 O-O 8. Bd3 b6 9. Qe2 Bb7 10. e4 Be7 11. e5 Nh5 12. h4 Nxg3 13. fxg3 f6 14. exf6 Bxf6 15. Ng5 Bxg5 16. hxg5 Qxg5 17. Qxe6+ Rf7 18. Bxh7+ Kf8 19. O-O-O Re8 20. Qd6+ Qe7 21. Qxd5 Rd8 22. Qh5 Qe3 23. Bg6 Rfd7 24. Rhf1+ Ke7 25. Rde1 cxd4 26. Rxe3+ dxe3 27. Qg5+ Kd6 28. Qf4+ Ne5 29. Nc4+ 1-0


[Site "https://www.chess.com"]

[Event "Titled Tuesday Blitz March 15 Early 2022"]
[White "Hambleton, Aman"]
[Black "Hernandez Jimenez, Alexander Andres"]
[WhiteFideId "2606577"]
[BlackFideId "3900452"]
[WhiteElo "2552"]
[BlackElo "2082"]
[Result "1-0"]
[Round "01"]
[TimeControl "180+1"]
[Date "2022.03.15"]
[WhiteClock "0:00:04"]
[BlackClock "0:00:04"]

1. d4 d5 2. Bf4 Nf6 3. e3 c6 4. c4 g6 5. Nc3 Bg7 6. Nf3 O-O 7. Rc1 a6 8. h3 b5 9. cxd5 cxd5 10. Bd3 Nbd7 11. a4 b4 12. Nb1 Ne8 13. O-O Bb7 14. Nbd2 Rc8 15. Rxc8 Qxc8 16. Nb3 Nd6 17. Bxd6 exd6 18. Qd2 a5 19. Nxa5 Ba6 20. Rc1 Qa8 21. Bxa6 Qxa6 22. Qxb4 Rb8 23. Qd2 Nb6 24. b3 Ra8 25. Nc6 Bf6 26. Nb4 Qa5 27. Nd3 Qa7 28. h4 h5 29. g3 Qd7 30. Kg2 Kg7 31. Nf4 Qg4 32. Rc6 Rb8 33. Rxd6 Nc8 34. Rxd5 Rxb3 35. Qc2 Ra3 36. Ne5 Qf5 37. Qxf5 gxf5 38. Nxh5+ 1-0


[Site "https://www.chess.com"]

[Event "Titled Tuesday Blitz March 15 Early 2022"]
[White "Harikrishna, Pentala"]
[Black "Chernomordik, Pavel"]
[WhiteFideId "5007003"]
[BlackFideId "2804530"]
[WhiteElo "2574"]
[BlackElo "2249"]
[Result "0-1"]
[Round "01"]
[TimeControl "180+1"]
[Date "2022.03.15"]
[WhiteClock "0:00:53"]
[BlackClock "0:01:13"]

1. d4 g6 2. Nf3 Bg7 3. g3 d6 4. Bg2 Nf6 5. O-O O-O 6. Re1 c6 7. e4 Nfd7 8. c4 a6 9. a4 a5 10. Nc3 Na6 11. h3 Nb4 12. Be3 e5 13. Qd2 Qe7 14. Rad1 exd4 15. Bxd4 Ne5 16. Nxe5 dxe5 17. Bb6 Be6 18. b3 Rfe8 19. Na2 Nxa2 20. Qxa2 Qb4 21. Bc7 Bf8 22. Bxe5 Bxc4 23. bxc4 Rxe5 24. Rd7 Re7 25. Rxe7 Qxe1+ 26. Kh2 Bxe7 0-1


[Site "https://www.chess.com"]

[Event "Titled Tuesday Blitz March 15 Early 2022"]
[White "Hess, Robert"]
[Black "Silva, Kaua Marques"]
[WhiteFideId "2022036"]
[BlackFideId "22701168"]
[WhiteElo "2557"]
[BlackElo "2071"]
[Result "1-0"]
[Round "01"]
[TimeControl "180+1"]
[Date "2022.03.15"]
[WhiteClock "0:00:05"]
[BlackClock "0:00:21"]

1. b3 e5 2. Bb2 Nc6 3. e3 Nf6 4. h3 d5 5. g4 Bd6 6. Bg2 Be6 7. d3 h5 8. g5 Nd7 9. h4 f6 10. Nh3 Ne7 11. c4 c6 12. Nc3 Qa5 13. a3 O-O-O 14. b4 Qa6 15. b5 Qa5 16. bxc6 bxc6 17. cxd5 cxd5 18. O-O Nb6 19. Qb3 Kd7 20. Qb5+ Qxb5 21. Nxb5 Bb8 22. f4 Nc6 23. gxf6 gxf6 24. fxe5 fxe5 25. Ng5 Rdf8 26. Nxe6 Kxe6 27. Bh3+ Ke7 28. a4 Rxf1+ 29. Rxf1 Rg8+ 30. Kh1 a5 31. Bg2 Rg4 32. e4 d4 33. Ba3+ Nb4 34. Bxb4+ axb4 35. a5 Nc8 36. Rb1 Rxh4+ 37. Kg1 Rg4 38. Rxb4 Rg6 39. Na3 Bd6 40. Ra4 Bxa3 41. Rxa3 Na7 42. Kh2 Ra6 43. Kh3 Nc6 44. Rb3 Kd6 45. Rb7 Rxa5 46. Rh7 Ra3 47. Bf1 Ra1 48. Rh6+ Kc5 49. Be2 Re1 50. Bxh5 Re3+ 51. Kg4 Rxd3 52. Be8 Re3 53. Rxc6+ Kb4 54. Bg6 d3 55. Rd6 Kc3 56. Kf5 d2 57. Kxe5 Rd3 58. Rxd3+ Kxd3 59. Bh5 Kc4 60. Kd6 1-0


[Site "https://www.chess.com"]

[Event "Titled Tuesday Blitz March 15 Early 2022"]
[White "Horobetz, Graham"]
[Black "Prohorov, Olexandr"]
[WhiteFideId "2047322"]
[BlackFideId "14105578"]
[WhiteElo "2600"]
[BlackElo "1993"]
[Result "1-0"]
[Round "01"]
[TimeControl "180+1"]
[Date "2022.03.15"]
[WhiteClock "0:00:55"]
[BlackClock "0:00:59"]

1. e4 c5 2. Nf3 e6 3. d4 cxd4 4. Nxd4 Qb6 5. Nb3 Nf6 6. Nc3 Bb4 7. Bd3 d5 8. exd5 Nxd5 9. O-O Nxc3 10. bxc3 Be7 11. Be3 Qc7 12. Qh5 g6 13. Qh6 Nd7 14. Nd4 a6 15. Rae1 b5 16. Bg5 Bxg5 17. Qxg5 O-O 18. Re4 Kg7 19. Rxe6 Qxc3 20. Rd6 Qc5 21. Qe7 Ne5 22. Rxg6+ hxg6 23. Qxc5 1-0


[Site "https://www.chess.com"]

[Event "Titled Tuesday Blitz March 15 Early 2022"]
[White "Jaferian, Koosha"]
[Black "Manon-og, Ramon Jr."]
[WhiteFideId "12507440"]
[BlackFideId "5200776"]
[WhiteElo "2030"]
[BlackElo "2301"]
[Result "1-0"]
[Round "01"]
[TimeControl "180+1"]
[Date "2022.03.15"]
[WhiteClock "0:00:59"]
[BlackClock "0:00:14"]

1. Nf3 Nf6 2. b3 g6 3. Bb2 Bg7 4. g3 O-O 5. Bg2 d5 6. c4 c6 7. O-O Bg4 8. d4 Nbd7 9. Nbd2 Ne4 10. e3 Ndf6 11. h3 Nxd2 12. Qxd2 Bf5 13. Ne5 Ne4 14. Qe2 dxc4 15. Nxc4 Nd6 16. Ne5 Be4 17. Rfd1 Bxg2 18. Kxg2 Qb6 19. Nd7 Qa5 20. Nxf8 Rxf8 21. e4 h5 22. d5 cxd5 23. Rxd5 Qb4 24. Bxg7 Kxg7 25. Qb2+ f6 26. Qd4 Qxd4 27. Rxd4 Rc8 28. Re1 Rc2 29. e5 Nf5 30. exf6+ Kxf6 31. Rd7 Rxa2 32. Rxb7 a5 33. Rb6+ Kf7 34. Ree6 h4 35. g4 Ng3 36. Kf3 Nh1 37. Re2 Ra1 38. Rbe6 Rb1 39. Rxe7+ Kf6 40. R7e3 Rf1 41. Kg2 Rb1 42. Re1 1-0


[Site "https://www.chess.com"]

[Event "Titled Tuesday Blitz March 15 Early 2022"]
[White "Jeet, Jain"]
[Black "Paravyan, David"]
[WhiteFideId "5073022"]
[BlackFideId "4194985"]
[WhiteElo "2085"]
[BlackElo "2569"]
[Result "0-1"]
[Round "01"]
[TimeControl "180+1"]
[Date "2022.03.15"]
[WhiteClock "0:00:56"]
[BlackClock "0:00:36"]

1. d4 Nf6 2. Nf3 g6 3. Nbd2 d5 4. g3 Bg7 5. Bg2 O-O 6. O-O c5 7. e3 cxd4 8. exd4 Nc6 9. c3 Bf5 10. Re1 Rc8 11. Nb3 Ne4 12. Nh4 Be6 13. Bxe4 dxe4 14. Nc5 Bd5 15. Nxe4 e5 16. dxe5 Bxe4 17. Qxd8 Rfxd8 18. Rxe4 Rd1+ 19. Kg2 Nxe5 20. b3 Nd3 21. Bb2 Nxb2 22. Rxd1 Nxd1 23. c4 Bf6 24. Nf3 Nc3 25. Rf4 Kg7 26. a4 Rd8 27. g4 h6 28. h4 Re8 29. g5 hxg5 30. hxg5 Be5 31. Rg4 Bb8 32. c5 Ne4 33. b4 a5 34. bxa5 Nxc5 35. Rb4 Re7 36. Nd4 Be5 37. Nf3 Bd6 38. Rc4 Ne6 39. Rc8 Rc7 40. Ra8 Rc5 41. a6 bxa6 42. Rxa6 Bc7 43. Ra7 Nxg5 44. Nd4 Be5 45. Nb5 Ne6 46. a5 Rxb5 0-1


[Site "https://www.chess.com"]

[Event "Titled Tuesday Blitz March 15 Early 2022"]
[White "Kett, Tim"]
[Black "Secer, Ata"]
[WhiteFideId "1801210"]
[BlackFideId "6303293"]
[WhiteElo "2098"]
[BlackElo "2282"]
[Result "0-1"]
[Round "01"]
[TimeControl "180+1"]
[Date "2022.03.15"]
[WhiteClock "0:00:01"]
[BlackClock "0:00:21"]

1. e4 c5 2. Nf3 e6 3. d4 cxd4 4. Nxd4 Nc6 5. Nc3 Qc7 6. f4 a6 7. Nxc6 bxc6 8. Bd3 d5 9. O-O Nf6 10. Kh1 Be7 11. Bd2 O-O 12. Qf3 Bb7 13. Rae1 c5 14. e5 Nd7 15. Qh5 g6 16. Qh6 Rfe8 17. h4 Qd8 18. f5 Bf8 19. Qf4 exf5 20. h5 Bg7 21. hxg6 hxg6 22. Bxf5 gxf5 23. Qxf5 Qe7 24. Bg5 Qe6 25. Qf4 d4 26. Ne4 Bxe4 27. Rxe4 Nf8 28. Qh4 Ng6 29. Qg3 Bxe5 30. Bf4 Bxf4 31. Rfxf4 Qxe4 32. Rxe4 Rxe4 33. Qf3 Rae8 34. b4 cxb4 0-1


[Site "https://www.chess.com"]

[Event "Titled Tuesday Blitz March 15 Early 2022"]
[White "Khamzin, Olzhas"]
[Black "Sailer, Mike"]
[WhiteFideId "13701690"]
[BlackFideId "2012901"]
[WhiteElo "2194"]
[BlackElo "2109"]
[Result "1-0"]
[Round "01"]
[TimeControl "180+1"]
[Date "2022.03.15"]
[WhiteClock "0:00:20"]
[BlackClock "0:00:05"]

1. d4 d5 2. Nc3 Bf5 3. Bg5 Nf6 4. e3 e6 5. Bd3 Bg6 6. f4 Be7 7. Nf3 Nbd7 8. O-O O-O 9. Kh1 Bxd3 10. cxd3 c5 11. Rc1 cxd4 12. exd4 a6 13. Qb3 b5 14. Rc2 Ng4 15. Bxe7 Qxe7 16. Re1 Qf6 17. g3 Rac8 18. a4 bxa4 19. Qxa4 Rc7 20. Nxd5 exd5 21. Rxc7 Nb6 22. Qb4 Nf2+ 23. Kg2 Nxd3 24. Qd2 Nxe1+ 25. Qxe1 Nc4 26. Ne5 Nd6 27. Rc6 Re8 28. Qb4 Re6 29. Nd7 Qe7 30. Qb8+ Ne8 31. Rxe6 Qxe6 32. Ne5 f6 33. f5 Qe7 34. Ng4 h5 35. Nf2 Kh7 36. Qa8 Qd7 37. Qxa6 Qxf5 38. Qc6 Qg6 39. b4 h4 40. b5 hxg3 41. hxg3 Qh5 42. b6 f5 43. b7 Nf6 44. b8=Q Ng4 45. Nxg4 fxg4 46. Qc2+ g6 47. Qbc7+ Kh6 48. Qf4+ Kh7 49. Qcc7+ Kh8 50. Qf8# 1-0


[Site "https://www.chess.com"]

[Event "Titled Tuesday Blitz March 15 Early 2022"]
[White "Kovanova, Baira"]
[Black "Maghsoodloo, Parham"]
[WhiteFideId "4164083"]
[BlackFideId "12539929"]
[WhiteElo "2190"]
[BlackElo "2630"]
[Result "1-0"]
[Round "01"]
[TimeControl "180+1"]
[Date "2022.03.15"]
[WhiteClock "0:00:23"]
[BlackClock "0:00:02"]

1. e4 c5 2. Nf3 d6 3. d4 cxd4 4. Nxd4 Nf6 5. Nc3 Nc6 6. Bg5 e6 7. Qd2 a6 8. O-O-O Bd7 9. f4 Be7 10. Nb3 b5 11. Bxf6 gxf6 12. Be2 h5 13. f5 Qb6 14. Rhf1 O-O-O 15. Kb1 Kb8 16. a3 h4 17. Na2 Bc8 18. Nb4 Nxb4 19. axb4 Bb7 20. Bf3 d5 21. exd5 e5 22. Na5 Bd6 23. Nc6+ Bxc6 24. dxc6 Bc7 25. Qc3 Rd4 26. Rxd4 Qxd4 27. Qxd4 exd4 28. Re1 Be5 29. Re4 Kc7 30. h3 Kd6 31. Rg4 Kc7 32. Rg7 Rf8 33. Bd5 Kd6 34. Bf3 Bf4 35. Rg4 Be3 36. Rxh4 Re8 37. Re4 Rg8 38. c3 1-0


[Site "https://www.chess.com"]

[Event "Titled Tuesday Blitz March 15 Early 2022"]
[White "Kulkarni, Rakesh"]
[Black "Molina, Roberto Junio Brito"]
[WhiteFideId "5037077"]
[BlackFideId "2109450"]
[WhiteElo "2246"]
[BlackElo "2432"]
[Result "1/2-1/2"]
[Round "01"]
[TimeControl "180+1"]
[Date "2022.03.15"]
[WhiteClock "0:00:11"]
[BlackClock "0:00:15"]

1. e4 c6 2. c4 d5 3. cxd5 cxd5 4. exd5 Nf6 5. Qa4+ Bd7 6. Qb3 Na6 7. Nf3 Nc5 8. Qd1 Nxd5 9. Nc3 Bc6 10. d4 Nxc3 11. bxc3 Ne4 12. Bc4 e6 13. Qb3 Qb6 14. Bb2 Nd6 15. Be2 Be7 16. O-O O-O 17. Rfd1 Rfc8 18. Rac1 Bd5 19. c4 Nxc4 20. Bxc4 Rxc4 21. Rxc4 Bxc4 22. Qxc4 Qxb2 23. Qc7 Bf6 24. g4 Qe2 25. Rc1 h6 26. Qxb7 Rf8 27. Kg2 Qxa2 28. h4 g6 29. g5 hxg5 30. hxg5 Bg7 31. Rc7 a5 32. Ne5 Bxe5 33. dxe5 Qe2 34. Rc5 Qg4+ 35. Kf1 Qxg5 36. Rxa5 Qc1+ 37. Kg2 Qg5+ 38. Kf1 Qg4 39. Ra1 Rd8 40. Ra8 Qd1+ 41. Kg2 Kg7 42. Rxd8 Qxd8 43. Qb2 Qg5+ 44. Kf1 Qf5 45. Qd4 g5 46. Ke2 Kg6 47. f3 Qc2+ 48. Kf1 Qb1+ 49. Kg2 Qf5 50. Qc5 Kg7 51. Qc3 g4 52. fxg4 Qxg4+ 53. Kf2 Qf4+ 54. Kg2 Kg6 55. Qd3+ Kg5 56. Qd6 Kf5 57. Qc7 Qg4+ 58. Kf2 Qd4+ 59. Kg2 Qe4+ 60. Kf2 Kg6 61. Kg3 Qf5 62. Qb8 Kg7 63. Qc7 Qg5+ 64. Kf3 Qh5+ 65. Ke4 Qf5+ 66. Kd4 Qf4+ 67. Kd3 Qf3+ 68. Kd4 Qd5+ 69. Ke3 Kg6 70. Kf4 Qd4+ 71. Kf3 Kf5 72. Qxf7+ Kxe5 73. Qg7+ Kd5 74. Qd7+ Ke5 75. Qg7+ Kd5 76. Qd7+ Ke5 77. Qg7+ 1/2-1/2


[Site "https://www.chess.com"]

[Event "Titled Tuesday Blitz March 15 Early 2022"]
[White "Kuzmin, Roman"]
[Black "Kevlishvili, Robby"]
[WhiteFideId "44134932"]
[BlackFideId "1040634"]
[WhiteElo "1978"]
[BlackElo "2584"]
[Result "0-1"]
[Round "01"]
[TimeControl "180+1"]
[Date "2022.03.15"]
[WhiteClock "0:00:22"]
[BlackClock "0:00:34"]

1. e4 c5 2. Nf3 d6 3. d4 cxd4 4. Nxd4 Nf6 5. Nc3 Bd7 6. Be2 Nc6 7. O-O g6 8. Re1 Bg7 9. Nb3 O-O 10. Bf1 a5 11. a3 Rc8 12. Bg5 h6 13. Be3 Ne5 14. Nd5 Nxd5 15. exd5 b5 16. Bd4 a4 17. Nd2 Bg4 18. f3 Bf5 19. Bxb5 Bxc2 20. Qe2 Qa5 21. f4 Ng4 22. Bxg7 Qb6+ 23. Kh1 Nf2+ 24. Kg1 Nd3+ 25. Qe3 Qxb5 26. Bxf8 Rxf8 27. Rf1 Nxb2 28. Qc3 Bf5 29. Rab1 Bxb1 30. Rxb1 Rb8 31. Nc4 Qc5+ 32. Kh1 Rb3 33. Qa5 Nxc4 34. Qd8+ Kg7 35. Re1 Re3 0-1


[Site "https://www.chess.com"]

[Event "Titled Tuesday Blitz March 15 Early 2022"]
[White "Le, Tuan Minh"]
[Black "Yang, Kaiqi"]
[WhiteFideId "12401153"]
[BlackFideId "8604398"]
[WhiteElo "2450"]
[BlackElo "2373"]
[Result "1-0"]
[Round "01"]
[TimeControl "180+1"]
[Date "2022.03.15"]
[WhiteClock "0:00:24"]
[BlackClock "0:00:02"]

1. d4 e6 2. Nf3 f5 3. c4 Nf6 4. g3 d5 5. Bg2 c6 6. O-O Bd6 7. Bf4 Bxf4 8. gxf4 O-O 9. Nc3 Nbd7 10. Rc1 Ne4 11. e3 Kh8 12. Kh1 b6 13. cxd5 cxd5 14. Qa4 a5 15. Nxe4 fxe4 16. Ng5 Qe7 17. Qc6 Ba6 18. Rg1 Rae8 19. Bh3 Rf6 20. f5 exf5 21. Qxd5 h6 22. Rc7 Bc8 23. Rgc1 Rff8 24. Ne6 Nf6 25. Nxf8 Nxd5 26. Ng6+ Kh7 27. Nxe7 Nxe7 28. Rxe7 Rxe7 29. Rxc8 1-0


[Site "https://www.chess.com"]

[Event "Titled Tuesday Blitz March 15 Early 2022"]
[White "Lou, Yiping"]
[Black "Peatman, Carter"]
[WhiteFideId "8603928"]
[BlackFideId "2096480"]
[WhiteElo "2412"]
[BlackElo "2408"]
[Result "0-1"]
[Round "01"]
[TimeControl "180+1"]
[Date "2022.03.15"]
[WhiteClock "0:00:35"]
[BlackClock "0:00:20"]

1. Nf3 d5 2. b3 Nf6 3. Bb2 Bf5 4. g3 e6 5. Bg2 Be7 6. O-O h6 7. d3 O-O 8. Nbd2 Bh7 9. c4 c6 10. Re1 Nbd7 11. a3 a5 12. Rc1 Qb6 13. cxd5 exd5 14. e4 dxe4 15. dxe4 Rad8 16. e5 Nd5 17. Nc4 Qc7 18. e6 fxe6 19. Nd4 Nc5 20. Qg4 Bf6 21. Nxe6 Nxe6 22. Qxe6+ Kh8 23. Ne5 Rde8 24. Nf7+ Qxf7 25. Qxf7 Rxe1+ 26. Rxe1 Rxf7 27. Re8+ Bg8 28. Bxf6 Nxf6 29. Ra8 Rd7 30. Bf1 Kh7 31. Rxa5 Bxb3 32. Ra7 Bd5 33. Bd3+ Be4 34. Be2 Rd2 35. Kf1 Rb2 36. a4 Rb1+ 0-1


[Site "https://www.chess.com"]

[Event "Titled Tuesday Blitz March 15 Early 2022"]
[White "Maksimovic, Bojan"]
[Black "Tsatsalashvili, Keti"]
[WhiteFideId "14408120"]
[BlackFideId "13603434"]
[WhiteElo "2448"]
[BlackElo "2246"]
[Result "0-1"]
[Round "01"]
[TimeControl "180+1"]
[Date "2022.03.15"]
[WhiteClock "0:00:46"]
[BlackClock "0:00:36"]

1. b3 Nf6 2. Bb2 g6 3. c4 Bg7 4. g3 O-O 5. Bg2 c6 6. Nf3 d5 7. O-O Bf5 8. d3 Nbd7 9. Nbd2 Re8 10. Ne5 Nxe5 11. Bxe5 d4 12. b4 Rc8 13. a4 a5 14. b5 Nh5 15. Bxg7 Nxg7 16. bxc6 bxc6 17. Rb1 Qc7 18. Nb3 e5 19. Qd2 Ra8 20. Nc5 Ne6 21. Nxe6 Bxe6 22. Rb3 Reb8 23. Rfb1 Rxb3 24. Rxb3 Rb8 25. Qb2 Rxb3 26. Qxb3 c5 27. Bd5 Bd7 28. Kg2 Kg7 29. e3 h6 30. Kf1 Bh3+ 31. Ke2 Bg4+ 32. Kd2 Bd7 33. Kc2 Be8 34. Kb2 Qc8 35. e4 Qg4 36. Qc2 Qh3 37. f4 exf4 38. gxf4 Qf1 39. f5 gxf5 40. exf5 Qxf5 41. Qg2+ Qg5 42. Qd2 Qxd2+ 0-1


[Site "https://www.chess.com"]